 Dungeon Crawl Stone Soup version 0.27.1-34-g3ba077fa99 (webtiles) character file.

Game seed: 17003716799898710249

472 Ijustatesigmund the Cudgeller (level 7, -3/66 HPs)
             Began as a Gargoyle Fighter on Jan 27, 2022.
             Killed from afar by Dowan (12 damage)
             ... with a stone arrow
             ... on level 4 of the Dungeon.
             The game lasted 00:05:07 (3254 turns).

Ijustatesigmund the Cudgeller (Gargoyle Fighter)    Turns: 3254, Time: 00:05:09

Health: -3/66      AC: 23    Str: 22    XL:     7   Next: 9%
Magic:  7/7        EV:  2    Int:  8    God:
Gold:   1354       SH:  9    Dex:  9    Spells: 6/6 levels left

rFire    + . .     SeeInvis .   a - +1 flail
rCold    . . .     Faith    .   c - +0 kite shield
rNeg     + + +     Spirit   .   (armour currently unavailable)
rPois    ∞         Reflect  .   (helmet currently unavailable)
rElec    .         Harm     .   (cloak currently unavailable)
rCorr    .         Rampage  .   (gloves currently unavailable)
Will     .....     NoTele   +   (boots currently unavailable)
Stlth    +.........             (no amulet)
HPRegen  0.21/turn              e - ring of protection from fire
MPRegen  0.10/turn              (no ring)

@: tree-form, attractive
A: stationary, stasis, torment immunity, boosted hp, sickness immunity, AC +4,
negative energy resistance 1, (electricity resistance), torment resistance 1,
petrification resistance
a: no special abilities


You were on level 4 of the Dungeon.
You were a tree.
You visited 1 branch of the dungeon, and saw 4 of its levels.

You collected 1354 gold pieces.

Inventory:

Hand Weapons
 a - a +1 flail (weapon)
Armour
 b - a +0 scale mail (melded)
 c - a +0 kite shield (worn)
 f - a +1 helmet (melded)
Jewellery
 e - a ring of protection from fire (left branch)
Wands
 n - a wand of flame (9)
Scrolls
 d - a scroll of teleportation {unknown}
 i - 3 scrolls of enchant armour
 j - a scroll of fear
 l - a scroll of amnesia
 m - a scroll of enchant weapon
Potions
 g - a potion of ambrosia
 h - a potion of lignification


   Skills:
 + Level 5.5 Fighting
 * Level 6.2 Maces & Flails
 - Level 3.2 Armour
 - Level 3.2 Shields


You had 6 spell levels left.
You didn't know any spells.
Your spell library contained the following spells:

 Spells                   Type           Power      Damage    Failure   Level
 Summon Lightning Spire   Summ/Air       0%         N/A       100%        4
 Storm Form               Tmut/Air       0%         N/A       100%        7
 Maxwell's Capacitive Co  Air            0%         ∞         100%        8


Dungeon Overview and Level Annotations

Branches:
Dungeon (4/15)
 Temple: D:4-7

Altars:

Shops:
D:2 (

Annotations:
D:4 Dowan


Innate Abilities, Weirdness & Mutations

You are a tree.
Your roots penetrate the ground, keeping you stationary.
You cannot be teleported.
You are immune to unholy pain and torment.
Your maximum health is greatly increased.
Your equipment is partially melded.
You are immune to sickness and miasma.
((Your stone body is resilient. (AC +4)))
You are immune to poison.
You resist negative energy. (rN+)
((You are resistant to electric shocks. (rElec)))
You are resistant to unholy torment.
You are immune to petrification.


Message History

You are too injured to fight recklessly!
You are too injured to fight recklessly!
You are too injured to fight recklessly!
You are too injured to fight recklessly!
You are too injured to fight recklessly!
You are too injured to fight recklessly!
Your shield prevents you from hitting Duvessa.
Duvessa is severely wounded.
You block Duvessa's attack. Dowan hits you but does no damage.
You block Duvessa's attack. You block Dowan's attack.
You barely miss Duvessa.
Duvessa is severely wounded.
You block Duvessa's attack.
Duvessa hits you with a +5 short sword of flaming.
Dowan hits you with a +0 dagger.
You sock Duvessa!
Duvessa is almost dead.
Duvessa hits you but does no damage.
Dowan casts a spell.
Dowan blinks!
Duvessa hits you with a +5 short sword of flaming!
* * * LOW HITPOINT WARNING * * *
Duvessa burns you.
* * * LOW HITPOINT WARNING * * *
It was a potion of lignification.
You turn into a tree.
Your +1 helmet melds into your body.
Your +0 scale mail melds into your body.
Your roots penetrate the ground.
Duvessa hits you but does no damage.
Dowan points at you and mumbles some strange words.
You resist with some effort. You block Duvessa's attack.
It was a potion of attraction.
You feel attractive to monsters. You block Duvessa's attack.
Dowan is pulled toward you!
You hit Duvessa.
You kill Duvessa!
Dowan seems overcome with grief, but rights himself reflexively soon after.
Dowan seems to find hidden reserves of power!
Dowan casts a spell at you. The stone arrow hits you!
You die...

## ##.## ...
##...# ##..#
##....###...#
#......#..... #
........# .#
#).....##..#
#.♣e.......#
#......#...#
##.......(..#
#......###..#
#...........
###........#.
##..........##
##............#
#....#........##


You could see Dowan (fast).

Vanquished Creatures
  Grinder (D:3)
  Duvessa (D:4)
  A sky beast (D:4)
  Ijyb (D:3)
  An orc wizard (D:4)
  An adder (D:3)
  4 worms
  6 dart slugs
  2 orcs (D:3)
  10 endoplasms
  6 giant cockroaches
  11 hobgoblins
  12 jackals
  6 kobolds
  4 quokkas
  4 ball pythons
  5 bats
  2 frilled lizards
  A goblin (D:1)
  6 rats
85 creatures vanquished.

Notes
Turn   | Place    | Note
-------+----------+-------------------------------------------
     0 | D:1      | Ijustatesigmund the Gargoyle Fighter began the quest for
                  | the Orb.
     0 | D:1      | Reached XP level 1. HP: 14/14 MP: 1/1
   294 | D:1      | Reached XP level 2. HP: 13/19 MP: 2/2
   459 | D:1      | Identified a scroll of acquirement
   459 | D:1      | Acquired 1193 gold pieces
   842 | D:1      | Found a faded altar of an unknown god.
   871 | D:1      | Reached skill level 3 in Maces & Flails
   873 | D:1      | Reached XP level 3. HP: 22/24 MP: 3/3
  1489 | D:2      | Found Ypsusemi's Antique Weapon Emporium.
  1636 | D:2      | Reached XP level 4. HP: 28/29 MP: 4/4
  2051 | D:3      | Noticed Ijyb
  2061 | D:3      | Killed Ijyb
  2062 | D:3      | Reached skill level 4 in Maces & Flails
  2275 | D:3      | Reached XP level 5. HP: 30/34 MP: 5/5
  2641 | D:4      | Noticed Grinder
  2656 | D:3      | Killed Grinder
  2657 | D:3      | Reached skill level 5 in Fighting
  2657 | D:3      | Reached skill level 5 in Maces & Flails
  2657 | D:3      | Reached XP level 6. HP: 11/40 MP: 6/6
  3098 | D:4      | Noticed a sky beast
  3154 | D:4      | Killed a sky beast
  3155 | D:4      | Reached skill level 6 in Maces & Flails
  3155 | D:4      | Reached XP level 7. HP: 34/44 MP: 7/7
  3243 | D:4      | Noticed Dowan
  3244 | D:4      | Noticed Duvessa
  3254 | D:4      | Killed Duvessa
  3254 | D:4      | Killed from afar by Dowan

Illustrated notes

Levels and vault maps discovered:
D:1:      minmay_arrival_doors, layout_basic,
          shapermc_ecumenical_altar_mp_vishouse, st_stairs_6
D:2:      layout_basic, serial_shops, shop
D:3:      layout_loops_cross, cheibrodos_sewer_entry_bend,
          minmay_misc_feat_four_crosses, uniq_ijyb
D:4:      layout_cave_pools, ebering_ghost_reflecting_pool, uniq_sigmund,
          uniq_grinder, uniq_duvessa, uniq_crazy_yiuf_cottage, uniq_pikel

Skill      XL: |  1  2  3  4  5  6 |
---------------+-------------------+-----
Maces & Flails | 3 4 5 6 |  6.2
Fighting       | 4 5 |  5.5
Armour         | |  3.2
Shields        | |  3.2

Action                   |  1- 3 |  4- 6 |  7- 9 || total
-------------------------+-------+-------+-------++-------
Melee: Flail             |   111 |   191 |     7 ||   309
  Use: Scroll            |     6 |     2 |       ||     8
       Potion            |       |     1 |     2 ||     3
Armor: Scale mail        |    67 |   127 |     2 ||   196
       Skin              |       |       |     1 ||     1
Dodge: Dodged            |    43 |    68 |       ||   111
Block: Kite shield       |    41 |    99 |     7 ||   147
